 Dungeon Crawl Stone Soup version 0.30-a0-457-g4b7bca3bfa (webtiles) character file.

Game seed: 3833685652880047251

39 HoaS the Shooter (level 3, -1/21 HPs)
             Began as a Kobold Hunter on Dec 13, 2022.
             Slain by a gnoll
             ... wielding a +0 whip
              (8 damage)
             ... on level 1 of the Dungeon.
             The game lasted 00:01:55 (830 turns).

HoaS the Shooter (Kobold Hunter)                     Turns: 830, Time: 00:01:56

Health: -1/21      AC:  3    Str:  8    XL:     3   Next: 67%
Magic:  3/3        EV: 14    Int: 10    God:
Gold:   67         SH:  0    Dex: 20    Spells: 2/2 levels left

rFire   . . .      SeeInvis .    a - +0 shortbow (drain)
rCold   . . .      Faith    .    (shield currently unavailable)
rNeg    . . .      Spirit   .    c - +0 leather armour
rPois   .          Reflect  .    (no helmet)
rElec   .          Harm     .    (no cloak)
rCorr   .          Rampage  .    (no gloves)
Will    .....                    (no boots)
Stlth   ++........               (no amulet)
HPRegen 0.23/turn                (no ring)
MPRegen 0.08/turn                (no ring)

@: silenced
A: small, no large weapons, nightstalker 3
a: no special abilities


You were on level 1 of the Dungeon.
You visited 1 branch of the dungeon, and saw 2 of its levels.

You collected 67 gold pieces.

Inventory:

Hand Weapons
 a - a +0 shortbow of draining (weapon)
Armour
 c - a +0 leather armour (worn)
Scrolls
 b - a scroll of immolation
 h - a scroll of identify {unknown}
Potions
 e - 2 potions of haste {unknown}


   Skills:
 - Level 2.1 Fighting
 + Level 6.8 Ranged Weapons
 - Level 2.4 Dodging
 - Level 1.3 Stealth


You had 2 spell levels left.
You didn't know any spells.
Your spell library was empty.

Dungeon Overview and Level Annotations

Branches:
Dungeon (2/15)

Altars:


Innate Abilities, Weirdness & Mutations

You are small and have problems with some larger weapons.
You are completely attuned to the shadows.


Message History

As you read the scroll labelled WIXTEQUNUF, it crumbles to dust.
It is a scroll of brand weapon.
Your +0 shortbow craves living souls!
a - a +0 shortbow of draining (weapon)
As you read the scroll labelled JOCITZ TUGEC, it crumbles to dust.
A profound silence engulfs you.
It was a scroll of silence.
Your surroundings suddenly seem different. 2 gnolls, an endoplasm and a quokka come into view.
The gnoll barely misses you.
A gnoll comes into view. It is wielding a +0 club.
A ball python comes into view.
The gnoll attacks as you move away! The gnoll barely misses you.
A hobgoblin comes into view.
Found a leather armour.
The gnoll attacks as you move away! The gnoll misses you.
The gnoll attacks as you move away! The gnoll closely misses you.
The ball python barely misses you. The ball python grabs you.
The ball python constricts you. The ball python misses you.
The ball python constricts you.
You escape the ball python's grasp.
The gnoll attacks as you move away! The gnoll hits you with a +0 whip!
The gnoll attacks as you move away! The gnoll barely misses you.
The gnoll attacks as you move away! The gnoll barely misses you.
The ball python attacks as you move away!
The ball python misses you. The gnoll attacks as you move away!
The gnoll barely misses you. The ball python bites you.
The ball python misses you.
The ball python attacks as you move away!
The ball python misses you. The ball python barely misses you.
There is a stone staircase leading up here.
The ball python barely misses you. The ball python closely misses you.
You climb upwards.
There is a stone staircase leading down here.
You shoot an arrow. The arrow closely misses the gnoll.
The ball python misses you. The ball python barely misses you.
The gnoll hits you with a +0 whip!
The ball python bites you but does no damage.
The ball python barely misses you. The gnoll attacks as you move away!
The gnoll hits you with a +0 whip!
You die...

## .# ##### .# #...#
.#############.#.######
...............g@.....#########
.#....####.#.#.#S####.#.......#
.#....# #.#.#.#.##.#......##.#
.#....# #.#.#.#.÷†.#...##.##.#
.#.÷..# #.#.#.#.##.#...##.##.#
.#....# #.#.#..........##.##.#
.#....# #.#.###.##.....##.##.#
.#....####.....#........##.##.#
##.......†.###.#...#######...)#


You could see a gnoll and a ball python.

Vanquished Creatures
  2 dart slugs (D:1)
  5 ball pythons (D:1)
  5 bats
  2 endoplasms (D:1)
  6 goblins
  2 hobgoblins (D:1)
  3 quokkas
  A frilled lizard (D:1)
  A kobold (D:1)
  4 rats (D:1)
31 creatures vanquished.

Notes
Turn   | Place    | Note
-------+----------+-------------------------------------------
     0 | D:1      | HoaS the Kobold Hunter began the quest for the Orb.
     0 | D:1      | Reached XP level 1. HP: 12/12 MP: 1/1
     1 | D:1      | Found a transporter.
   187 | D:1      | Reached XP level 2. HP: 17/17 MP: 2/2
   244 | D:1      | Reached skill level 6 in Ranged Weapons
   462 | D:1      | Reached XP level 3. HP: 16/21 MP: 3/3
   830 | D:1      | Slain by a gnoll

Illustrated notes

Levels and vault maps discovered:
D:1:      spicycebolla_arrival_transporter_tutorial, layout_basic
D:2:      layout_rooms, nicolae_grassy_gnolls, uniq_terence

Skill      XL: |  1  2 |
---------------+-------+-----
Ranged Weapons | 6 |  6.8
Fighting       | |  2.1
Dodging        | |  2.4
Stealth        | |  1.3

Action                   || total
-------------------------++-------
 Fire: Shortbow          ||    69
  Use: Scroll            ||     3
Armor: Leather armour    ||    13
Dodge: Dodged            ||    48

Table legend: (Time is in decaauts)
 A = Elapsed time spent in this place.
 B = Non-inter-level travel time spent in this place.
 C = Inter-level travel time spent in this place.
 D = Time resting spent in this place.
 E = Time spent auto-exploring this place.
 F = Levels seen in this place.
 G = Mean time per level.
                   A        B        C        D        E       F      G
               +--------+--------+--------+--------+--------+-----+--------+
         Total |    849 |    824 |     25 |     58 |    608 |   2 |  424.5 |
       Dungeon |    849 |    824 |     25 |     58 |    608 |   2 |  424.5 |
               +--------+--------+--------+--------+--------+-----+--------+

Top non-repeatable levels by time:
     D:1: 793 daAuts
     D:2: 56 daAuts
